[ AOE2 MATCH · #485671484 ]
UnrankedWei vs Spanish
[ REPLAY ANALYSIS · EXTRACTED FROM THE RECORDED GAME ]
Feudal
13:23
Castle
24:46
Imperial
47:53
| APM avg | 29.8 |
| APM peak | 57 |
| eAPM avg | 17.3 |
| Villagers / military | 140 / 81 |
Focus
⚔️ 39.5% · 🌾 60.5%
Skirmisher ×59 · Unknown (1944) ×20 · Unknown (1952) ×15 · Archer ×11 · Spearman ×7 · Unknown (1949) ×5
Feudal
13:35
Castle
19:01
Imperial
52:31
| APM avg | 37.8 |
| APM peak | 66 |
| eAPM avg | 21.1 |
| Villagers / military | 214 / 116 |
Focus
⚔️ 25.6% · 🌾 74.4%
Camel Archer ×115 · Trade Cart ×2 · Mangonel ×1
Feudal
16:11
Castle
19:41
Imperial
50:24
| APM avg | 34.7 |
| APM peak | 62 |
| eAPM avg | 16.7 |
| Villagers / military | 109 / 79 |
Focus
⚔️ 24.2% · 🌾 75.8%
Knight ×39 · Missionary ×32 · Monk ×6 · Petard ×2
Feudal
10:45
Castle
21:52
Imperial
46:21
| APM avg | 57.3 |
| APM peak | 102 |
| eAPM avg | 26.8 |
| Villagers / military | 153 / 207 |
Focus
⚔️ 62.9% · 🌾 37.1%
Scout Cavalry ×57 · Skirmisher ×50 · Mangudai ×45 · Cavalry Archer ×44 · Trebuchet (Packed) ×8 · Archer ×3
Feudal
12:20
Castle
20:12
Imperial
41:39
| APM avg | 54.1 |
| APM peak | 108 |
| eAPM avg | 29.9 |
| Villagers / military | 163 / 112 |
Focus
⚔️ 38.0% · 🌾 62.0%
Unknown (2550) ×322 · Archer ×58 · Skirmisher ×22 · Kamayuk ×12 · Battering Ram ×10 · Trebuchet (Packed) ×7
Feudal
12:43
Castle
25:23
Imperial
—
| APM avg | 52.9 |
| APM peak | 89 |
| eAPM avg | 27.2 |
| Villagers / military | 205 / 304 |
Focus
⚔️ 24.8% · 🌾 75.2%
Fire Lancer ×194 · Archer ×100 · Rattan Archer ×4 · Mangonel ×2 · Scorpion ×2 · Spearman ×2
Feudal
—
Castle
—
Imperial
—
| APM avg | 38.9 |
| APM peak | 77 |
| eAPM avg | 26.6 |
| Villagers / military | 221 / 113 |
Focus
⚔️ 25.9% · 🌾 74.1%
Scout Cavalry ×68 · Battle Elephant ×31 · Battering Ram ×6 · Knight ×5 · Trebuchet (Packed) ×3
Feudal
—
Castle
—
Imperial
—
| APM avg | 24.9 |
| APM peak | 67 |
| eAPM avg | 10.2 |
| Villagers / military | 81 / 31 |
Focus
⚔️ 21.0% · 🌾 79.0%
Organ Gun ×21 · Archer ×10
Match map
Initial resources + every placement click. Lines = walls · curves = elevation contours. ◆ gold · ⬟ stone · ● berries · ✦ relic · ◌ wall gap
Your base· Open — 2t gap
audi_225's base· Open — unwalled flank
CTM | Crawly94's base· Open — 6t gap
Ux'DonChauron's base· Open — 6t gap
bewoms's base· Open — 5t gap
Ux'Tycho0201's base· Open — 4t gap
Bummskopp7689's base· Open — unwalled flank
Quimimoshly06's base· Open — 5t gap
Smoothed initial terrain · ◌ = detected wall gap · hover for details
Inputs per minute
— hk | kazumakine - - audi_225
Build order — hk | kazumakine
First 150 of 371 actions detected
| 0:26 | Build | Town Center |
| 1:39 | Build | Palisade Wall |
| 1:44 | Build | Palisade Wall |
| 1:48 | Build | Palisade Wall |
| 1:51 | Build | Palisade Wall |
| 1:57 | Build | Palisade Wall |
| 2:00 | Build | Palisade Wall |
| 2:03 | Build | House |
| 2:31 | Build | House |
| 2:56 | Build | Palisade Wall |
| 3:05 | Queue | Villager (Male) |
| 3:05 | Queue | Villager (Male) |
| 3:06 | Queue | Villager (Male) |
| 3:06 | Queue | Villager (Male) |
| 3:06 | Queue | Villager (Male) |
| 4:02 | Research | Loom |
| 4:08 | Build | House |
| 4:09 | Queue | Villager (Male) |
| 4:09 | Queue | Villager (Male) |
| 4:10 | Queue | Villager (Male) |
| 4:10 | Queue | Villager (Male) |
| 5:08 | Queue | Villager (Male) |
| 5:31 | Queue | Villager (Male) |
| 6:34 | Queue | Villager (Male) |
| 6:34 | Queue | Villager (Male) |
| 6:34 | Queue | Villager (Male) |
| 6:37 | Build | House |
| 7:07 | Build | Barracks |
| 7:41 | Queue | Villager (Male) |
| 7:41 | Queue | Villager (Male) |
| 8:17 | Build | House |
| 8:23 | Queue | Villager (Male) |
| 9:14 | Queue | Villager (Male) |
| 9:28 | Build | Mining Camp |
| 9:49 | Queue | Villager (Male) |
| 11:13 | Research | Feudal Age |
| 11:25 | Build | Palisade Wall |
| 11:50 | Build | Lumber Camp |
| 12:27 | Build | Lumber Camp |
| 12:46 | Build | House |
| 13:23 | Age | Feudal Age |
| 13:28 | Build | Palisade Wall |
| 13:30 | Build | Palisade Wall |
| 13:36 | Build | Palisade Wall |
| 13:39 | Build | Palisade Gate |
| 13:42 | Build | House |
| 13:43 | Queue | Villager (Male) |
| 13:50 | Queue | Spearman |
| 13:51 | Queue | Spearman |
| 14:00 | Build | Archery Range |
| 14:03 | Build | Blacksmith |
| 14:07 | Queue | Villager (Male) |
| 14:15 | Research | Double-Bit Axe |
| 14:15 | Research | Double-Bit Axe |
| 14:20 | Build | House |
| 14:31 | Queue | Spearman |
| 14:40 | Build | Palisade Wall |
| 14:41 | Build | Palisade Wall |
| 14:48 | Build | Palisade Wall |
| 15:14 | Queue | Archer |
| 15:14 | Queue | Archer |
| 15:15 | Queue | Archer |
| 15:18 | Queue | Villager (Male) |
| 15:43 | Queue | Archer |
| 15:43 | Queue | Archer |
| 15:54 | Queue | Archer |
| 16:15 | Research | Fletching |
| 16:15 | Research | Fletching |
| 16:17 | Queue | Villager (Male) |
| 16:23 | Build | Mill |
| 16:54 | Queue | Villager (Male) |
| 17:05 | Build | Farm |
| 17:09 | Build | Farm |
| 17:11 | Build | Farm |
| 17:14 | Build | Farm |
| 17:34 | Queue | Villager (Male) |
| 17:37 | Build | Farm |
| 18:19 | Queue | Spearman |
| 18:22 | Build | Palisade Wall |
| 18:28 | Queue | Villager (Male) |
| 18:32 | Build | House |
| 18:40 | Research | Town Watch |
| 18:57 | Queue | Villager (Male) |
| 19:03 | Queue | Villager (Male) |
| 19:03 | Queue | Villager (Male) |
| 19:46 | Queue | Villager (Male) |
| 19:47 | Queue | Villager (Male) |
| 19:50 | Build | Farm |
| 19:52 | Build | Farm |
| 19:54 | Build | Farm |
| 20:23 | Build | Market |
| 20:35 | Queue | Villager (Male) |
| 21:15 | Build | House |
| 22:00 | Research | Castle Age |
| 22:00 | Research | Castle Age |
| 22:07 | Queue | Spearman |
| 22:28 | Build | Palisade Wall |
| 22:29 | Build | Palisade Wall |
| 22:59 | Queue | Spearman |
| 22:59 | Queue | Spearman |
| 23:31 | Research | Forging |
| 24:37 | Queue | Archer |
| 24:43 | Build | Mining Camp |
| 24:46 | Age | Castle Age |
| 24:51 | Queue | Unit 1952 ×5 |
| 25:05 | Research | Crossbowman (upgrade) |
| 25:33 | Build | Castle |
| 26:07 | Queue | Unit 1952 ×5 |
| 26:07 | Queue | Unit 1952 ×5 |
| 28:12 | Build | Town Center |
| 28:48 | Build | Outpost |
| 29:53 | Queue | Villager (Male) |
| 30:02 | Build | Town Center |
| 30:07 | Queue | Villager (Male) |
| 30:08 | Queue | Villager (Male) |
| 30:37 | Queue | Villager (Male) |
| 32:06 | Queue | Villager (Male) |
| 32:06 | Queue | Villager (Male) |
| 32:07 | Queue | Villager (Male) |
| 32:07 | Queue | Villager (Male) |
| 32:07 | Queue | Villager (Male) |
| 32:50 | Queue | Villager (Male) |
| 33:25 | Queue | Villager (Male) |
| 33:25 | Queue | Villager (Male) |
| 33:28 | Build | Town Center |
| 34:21 | Queue | Villager (Male) |
| 34:21 | Queue | Villager (Male) |
| 34:22 | Queue | Villager (Male) |
| 34:32 | Queue | Archer |
| 34:32 | Queue | Archer |
| 34:33 | Queue | Archer |
| 34:38 | Queue | Villager (Male) |
| 34:39 | Queue | Villager (Male) |
| 34:46 | Build | Farm |
| 34:48 | Build | Farm |
| 34:49 | Build | Farm |
| 35:05 | Queue | Villager (Male) |
| 35:05 | Queue | Villager (Male) |
| 35:12 | Research | Elite Skirmisher (upgrade) |
| 35:20 | Build | Farm |
| 35:22 | Build | Farm |
| 35:50 | Queue | Villager (Male) |
| 36:19 | Queue | Villager (Male) |
| 36:19 | Queue | Villager (Male) |
| 36:20 | Queue | Villager (Male) |
| 36:20 | Queue | Villager (Male) |
| 36:20 | Queue | Villager (Male) |
| 36:27 | Queue | Villager (Male) |
| 36:34 | Queue | Villager (Male) |
| 36:43 | Build | Farm |
Build order — audi_225
First 150 of 587 actions detected
| 0:18 | Build | Town Center |
| 0:34 | Build | Town Center |
| 2:39 | Queue | Villager (Male) |
| 2:40 | Queue | Villager (Male) |
| 2:46 | Build | House |
| 2:46 | Queue | Villager (Male) |
| 2:46 | Queue | Villager (Male) |
| 3:37 | Queue | Villager (Male) |
| 4:14 | Queue | Villager (Male) |
| 4:14 | Queue | Villager (Male) |
| 4:42 | Queue | Villager (Male) |
| 4:42 | Queue | Villager (Male) |
| 4:49 | Build | House |
| 5:02 | Build | House |
| 5:06 | Build | Lumber Camp |
| 5:15 | Build | House |
| 5:16 | Research | Loom |
| 5:49 | Queue | Villager (Male) |
| 5:54 | Queue | Villager (Male) |
| 5:54 | Queue | Villager (Male) |
| 6:07 | Queue | Villager (Male) |
| 6:07 | Queue | Villager (Male) |
| 6:07 | Queue | Villager (Male) |
| 6:42 | Build | House |
| 7:22 | Queue | Villager (Male) |
| 7:40 | Queue | Villager (Male) |
| 7:44 | Queue | Villager (Male) |
| 7:56 | Build | Mill |
| 8:42 | Queue | Villager (Male) |
| 8:49 | Build | House |
| 8:50 | Queue | Villager (Male) |
| 9:04 | Queue | Villager (Male) |
| 9:15 | Build | Palisade Wall |
| 9:26 | Queue | Villager (Male) |
| 9:59 | Queue | Villager (Male) |
| 10:13 | Queue | Villager (Male) |
| 10:35 | Research | Feudal Age |
| 10:45 | Build | Palisade Wall |
| 11:18 | Build | House |
| 11:21 | Build | House |
| 11:26 | Build | Palisade Wall |
| 11:33 | Build | House |
| 11:51 | Build | Mill |
| 12:42 | Queue | Villager (Male) |
| 13:17 | Build | Palisade Wall |
| 13:21 | Build | Palisade Wall |
| 13:23 | Build | Palisade Wall |
| 13:24 | Build | Palisade Wall |
| 13:26 | Build | Palisade Wall |
| 13:30 | Build | Palisade Wall |
| 13:34 | Queue | Villager (Male) |
| 13:35 | Age | Feudal Age |
| 13:42 | Build | Palisade Gate |
| 13:47 | Build | Palisade Gate |
| 13:57 | Build | House |
| 13:58 | Build | Palisade Wall |
| 14:12 | Build | Palisade Wall |
| 14:17 | Queue | Villager (Male) |
| 14:20 | Research | Double-Bit Axe |
| 14:37 | Build | Market |
| 14:47 | Queue | Villager (Male) |
| 15:09 | Queue | Villager (Male) |
| 15:18 | Build | Mining Camp |
| 15:40 | Build | Blacksmith |
| 15:55 | Queue | Villager (Male) |
| 16:21 | Research | Castle Age |
| 16:23 | Queue | Villager (Male) |
| 16:57 | Build | Mill |
| 17:43 | Queue | Villager (Male) |
| 19:01 | Age | Castle Age |
| 19:26 | Build | Castle |
| 19:31 | Queue | Villager (Male) |
| 19:33 | Research | Double-Bit Axe |
| 19:53 | Build | Palisade Gate |
| 20:05 | Queue | Villager (Male) |
| 20:38 | Build | Mill |
| 20:42 | Queue | Camel Archer |
| 20:43 | Queue | Camel Archer |
| 20:43 | Queue | Villager (Male) |
| 20:50 | Build | Palisade Gate |
| 20:53 | Build | House |
| 20:59 | Build | Palisade Gate |
| 21:04 | Build | Palisade Wall |
| 21:11 | Build | Palisade Gate |
| 21:16 | Build | Palisade Wall |
| 21:28 | Build | Mill |
| 21:31 | Queue | Camel Archer |
| 21:34 | Queue | Villager (Male) |
| 21:46 | Queue | Camel Archer |
| 21:52 | Queue | Villager (Male) |
| 21:58 | Queue | Camel Archer |
| 22:10 | Build | Mining Camp |
| 22:32 | Build | Mill |
| 22:37 | Queue | Villager (Male) |
| 22:48 | Queue | Camel Archer |
| 22:49 | Queue | Camel Archer |
| 22:59 | Queue | Villager (Male) |
| 23:10 | Queue | Camel Archer |
| 23:24 | Queue | Camel Archer |
| 23:29 | Queue | Villager (Male) |
| 23:35 | Queue | Villager (Male) |
| 23:35 | Queue | Villager (Male) |
| 23:51 | Queue | Villager (Male) |
| 24:05 | Build | Castle |
| 24:25 | Queue | Villager (Male) |
| 24:32 | Queue | Villager (Male) |
| 24:32 | Queue | Villager (Male) |
| 24:37 | Queue | Camel Archer |
| 24:37 | Queue | Camel Archer |
| 24:53 | Queue | Villager (Male) |
| 25:10 | Build | Castle |
| 25:21 | Queue | Villager (Male) |
| 25:23 | Queue | Camel Archer |
| 25:23 | Queue | Camel Archer |
| 25:24 | Queue | Camel Archer |
| 26:05 | Build | Mill |
| 26:21 | Build | Mill |
| 26:22 | Queue | Camel Archer |
| 26:26 | Queue | Villager (Male) |
| 26:38 | Research | Fletching |
| 26:41 | Queue | Villager (Male) |
| 26:42 | Queue | Villager (Male) |
| 26:51 | Queue | Camel Archer |
| 26:57 | Queue | Camel Archer |
| 27:06 | Queue | Villager (Male) |
| 27:26 | Research | Bodkin Arrow |
| 27:34 | Queue | Camel Archer |
| 27:34 | Queue | Camel Archer |
| 27:42 | Queue | Villager (Male) |
| 27:51 | Queue | Camel Archer |
| 28:18 | Queue | Villager (Male) |
| 28:24 | Build | Mining Camp |
| 28:37 | Queue | Camel Archer |
| 28:43 | Queue | Villager (Male) |
| 28:44 | Queue | Camel Archer |
| 28:53 | Queue | Camel Archer |
| 29:05 | Queue | Villager (Male) |
| 29:21 | Queue | Camel Archer |
| 29:22 | Queue | Camel Archer |
| 29:28 | Queue | Camel Archer |
| 29:37 | Queue | Villager (Male) |
| 29:37 | Queue | Villager (Male) |
| 29:43 | Research | Bow Saw |
| 29:44 | Queue | Villager (Male) |
| 30:01 | Queue | Camel Archer |
| 30:09 | Research | Padded Archer Armor |
| 30:10 | Queue | Camel Archer |
| 30:11 | Queue | Camel Archer |
| 30:19 | Queue | Villager (Male) |
| 30:36 | Queue | Camel Archer |
Build order — CTM | Crawly94
First 150 of 324 actions detected
| 0:33 | Build | Town Center |
| 2:31 | Build | House |
| 2:42 | Build | House |
| 3:08 | Queue | Villager (Male) |
| 3:08 | Queue | Villager (Male) |
| 3:14 | Queue | Villager (Male) |
| 3:14 | Queue | Villager (Male) |
| 4:22 | Build | House |
| 4:23 | Build | House |
| 4:59 | Queue | Villager (Male) |
| 4:59 | Queue | Villager (Male) |
| 5:27 | Queue | Villager (Male) |
| 5:28 | Queue | Villager (Male) |
| 6:02 | Queue | Villager (Male) |
| 6:02 | Queue | Villager (Male) |
| 6:03 | Queue | Villager (Male) |
| 6:34 | Queue | Villager (Male) |
| 6:34 | Queue | Villager (Male) |
| 6:34 | Queue | Villager (Male) |
| 7:34 | Queue | Villager (Male) |
| 7:51 | Build | House |
| 7:53 | Queue | Villager (Male) |
| 8:11 | Research | Loom |
| 8:24 | Build | House |
| 8:29 | Build | Palisade Wall |
| 8:32 | Queue | Villager (Male) |
| 9:16 | Queue | Villager (Male) |
| 9:31 | Queue | Villager (Male) |
| 9:47 | Build | Palisade Wall |
| 9:48 | Queue | Villager (Male) |
| 10:31 | Queue | Villager (Male) |
| 10:31 | Queue | Villager (Male) |
| 10:57 | Build | Palisade Wall |
| 10:58 | Queue | Villager (Male) |
| 11:22 | Queue | Villager (Male) |
| 12:12 | Queue | Villager (Male) |
| 12:30 | Queue | Villager (Male) |
| 12:59 | Queue | Villager (Male) |
| 13:02 | Build | Lumber Camp |
| 13:28 | Queue | Villager (Male) |
| 13:34 | Build | Mill |
| 13:41 | Build | House |
| 14:01 | Research | Feudal Age |
| 14:01 | Research | Feudal Age |
| 15:23 | Build | Mining Camp |
| 15:31 | Queue | Villager (Male) |
| 15:31 | Queue | Villager (Male) |
| 16:01 | Build | Palisade Gate |
| 16:11 | Age | Feudal Age |
| 16:17 | Build | Blacksmith |
| 16:22 | Build | Market |
| 17:01 | Research | Castle Age |
| 17:14 | Research | Town Watch |
| 17:24 | Research | Double-Bit Axe |
| 18:08 | Build | Barracks |
| 18:12 | Queue | Villager (Male) |
| 18:26 | Queue | Villager (Male) |
| 19:24 | Build | House |
| 19:26 | Build | House |
| 19:41 | Age | Castle Age |
| 19:56 | Build | Castle |
| 20:07 | Build | Farm |
| 20:08 | Build | Farm |
| 20:08 | Build | Farm |
| 20:08 | Build | Farm |
| 20:09 | Build | Farm |
| 20:27 | Build | Farm |
| 20:29 | Build | Farm |
| 20:30 | Build | Farm |
| 20:53 | Build | Mining Camp |
| 21:15 | Queue | Villager (Male) |
| 21:45 | Research | Fletching |
| 21:52 | Build | Monastery |
| 22:16 | Queue | Villager (Male) |
| 22:16 | Queue | Villager (Male) |
| 22:29 | Queue | Missionary |
| 22:30 | Queue | Missionary |
| 22:43 | Build | Monastery |
| 22:46 | Queue | Villager (Male) |
| 23:10 | Queue | Missionary |
| 23:19 | Queue | Villager (Male) |
| 23:28 | Research | Fervor |
| 23:42 | Queue | Villager (Male) |
| 23:53 | Queue | Monk |
| 24:18 | Queue | Villager (Male) |
| 24:40 | Queue | Villager (Male) |
| 24:48 | Research | Sanctity |
| 24:59 | Queue | Villager (Male) |
| 25:24 | Build | Castle |
| 25:26 | Queue | Villager (Male) |
| 25:40 | Build | Farm |
| 25:46 | Build | Stone Wall |
| 25:50 | Queue | Monk |
| 26:01 | Queue | Missionary |
| 26:02 | Queue | Missionary |
| 26:02 | Queue | Missionary |
| 26:12 | Build | House |
| 26:13 | Build | House |
| 26:13 | Build | House |
| 26:14 | Build | House |
| 26:17 | Research | Horse Collar |
| 26:27 | Queue | Petard |
| 26:27 | Queue | Petard |
| 26:51 | Build | Stable |
| 26:53 | Build | Stable |
| 27:13 | Queue | Monk |
| 27:14 | Queue | Monk |
| 27:44 | Queue | Missionary |
| 27:45 | Queue | Missionary |
| 27:46 | Queue | Monk |
| 27:46 | Queue | Monk |
| 28:00 | Build | Town Center |
| 28:31 | Build | Stone Wall |
| 28:45 | Queue | Missionary |
| 28:45 | Queue | Missionary |
| 28:49 | Queue | Knight |
| 29:16 | Build | Mining Camp |
| 29:25 | Queue | Knight |
| 29:25 | Queue | Knight |
| 29:39 | Queue | Villager (Male) |
| 30:12 | Build | Farm |
| 30:31 | Queue | Villager (Male) |
| 30:36 | Build | Farm |
| 30:38 | Build | Farm |
| 31:34 | Build | House |
| 31:39 | Research | Redemption |
| 31:42 | Queue | Villager (Male) |
| 31:42 | Queue | Villager (Male) |
| 31:46 | Queue | Knight |
| 31:54 | Build | House |
| 31:55 | Build | House |
| 31:56 | Build | House |
| 31:57 | Build | House |
| 32:10 | Build | Outpost |
| 32:14 | Queue | Villager (Male) |
| 33:05 | Queue | Villager (Male) |
| 33:05 | Queue | Villager (Male) |
| 33:05 | Queue | Villager (Male) |
| 33:22 | Build | House |
| 33:34 | Queue | Villager (Male) |
| 33:45 | Queue | Villager (Male) |
| 33:54 | Build | Outpost |
| 34:17 | Queue | Villager (Male) |
| 34:18 | Queue | Villager (Male) |
| 34:44 | Build | Stable |
| 34:46 | Build | Stable |
| 34:48 | Build | Stable |
| 34:50 | Queue | Villager (Male) |
| 35:02 | Build | Farm |
| 35:02 | Build | Farm |
Build order — Ux'DonChauron
First 150 of 583 actions detected
| 0:14 | Build | Town Center |
| 2:49 | Build | House |
| 2:50 | Queue | Villager (Male) |
| 2:50 | Queue | Villager (Male) |
| 2:50 | Queue | Villager (Male) |
| 2:50 | Queue | Villager (Male) |
| 3:21 | Build | House |
| 4:11 | Queue | Villager (Male) |
| 4:25 | Queue | Villager (Male) |
| 4:32 | Build | Lumber Camp |
| 4:45 | Queue | Villager (Male) |
| 4:58 | Queue | Villager (Male) |
| 5:05 | Build | House |
| 5:13 | Queue | Villager (Male) |
| 5:27 | Queue | Villager (Male) |
| 5:51 | Queue | Villager (Male) |
| 6:15 | Queue | Villager (Male) |
| 6:16 | Queue | Villager (Male) |
| 6:46 | Research | Loom |
| 7:21 | Build | Mill |
| 8:35 | Research | Feudal Age |
| 8:35 | Research | Feudal Age |
| 9:21 | Build | Barracks |
| 9:33 | Queue | Villager (Male) |
| 10:45 | Age | Feudal Age |
| 10:46 | Build | Stable |
| 10:48 | Build | House |
| 10:49 | Queue | Villager (Male) |
| 10:54 | Research | Double-Bit Axe |
| 11:20 | Queue | Villager (Male) |
| 11:25 | Queue | Scout Cavalry |
| 11:25 | Queue | Scout Cavalry |
| 11:46 | Queue | Villager (Male) |
| 11:50 | Build | House |
| 12:04 | Build | Lumber Camp |
| 12:07 | Queue | Villager (Male) |
| 12:20 | Queue | Scout Cavalry |
| 12:24 | Build | House |
| 12:41 | Build | Mill |
| 12:44 | Queue | Villager (Male) |
| 12:57 | Build | House |
| 13:02 | Queue | Villager (Male) |
| 13:30 | Queue | Villager (Male) |
| 13:34 | Build | House |
| 13:42 | Queue | Scout Cavalry |
| 13:42 | Queue | Scout Cavalry |
| 13:58 | Queue | Villager (Male) |
| 14:05 | Build | House |
| 14:19 | Build | Blacksmith |
| 14:21 | Build | House |
| 14:26 | Queue | Villager (Male) |
| 14:26 | Queue | Scout Cavalry |
| 14:39 | Queue | Villager (Male) |
| 14:43 | Build | House |
| 14:53 | Queue | Scout Cavalry |
| 14:59 | Queue | Villager (Male) |
| 15:14 | Queue | Scout Cavalry |
| 15:20 | Build | Market |
| 15:32 | Queue | Villager (Male) |
| 15:43 | Build | House |
| 15:45 | Build | Mining Camp |
| 15:52 | Queue | Villager (Male) |
| 16:15 | Queue | Villager (Male) |
| 16:17 | Build | House |
| 16:47 | Build | House |
| 16:49 | Queue | Villager (Male) |
| 16:51 | Build | Palisade Wall |
| 16:52 | Build | Palisade Wall |
| 17:04 | Build | House |
| 17:21 | Queue | Villager (Male) |
| 17:25 | Build | Farm |
| 17:25 | Build | Farm |
| 17:25 | Build | Farm |
| 17:26 | Build | Farm |
| 17:26 | Build | Farm |
| 17:27 | Build | Farm |
| 17:38 | Build | Palisade Wall |
| 17:39 | Queue | Villager (Male) |
| 17:46 | Build | Watch Tower |
| 17:55 | Build | Farm |
| 18:05 | Queue | Villager (Male) |
| 18:11 | Build | House |
| 18:35 | Build | Palisade Wall |
| 18:41 | Queue | Villager (Male) |
| 19:09 | Build | Archery Range |
| 19:13 | Research | Castle Age |
| 19:13 | Research | Castle Age |
| 19:25 | Build | Palisade Gate |
| 19:38 | Build | Farm |
| 19:53 | Research | Fletching |
| 19:54 | Research | Fletching |
| 20:12 | Build | Archery Range |
| 20:22 | Research | Gold Mining |
| 20:49 | Research | Bloodlines |
| 20:51 | Build | Farm |
| 20:52 | Build | Farm |
| 20:57 | Build | Farm |
| 21:10 | Queue | Villager (Male) |
| 21:14 | Build | House |
| 21:52 | Age | Castle Age |
| 21:55 | Queue | Cavalry Archer |
| 21:55 | Queue | Cavalry Archer |
| 21:56 | Research | Bodkin Arrow |
| 22:07 | Queue | Villager (Male) |
| 22:14 | Queue | Cavalry Archer |
| 22:14 | Queue | Cavalry Archer |
| 22:22 | Queue | Villager (Male) |
| 22:42 | Queue | Villager (Male) |
| 22:45 | Queue | Cavalry Archer |
| 22:58 | Queue | Cavalry Archer |
| 23:03 | Queue | Cavalry Archer |
| 23:04 | Queue | Villager (Male) |
| 23:13 | Research | Padded Archer Armor |
| 23:17 | Build | University |
| 23:27 | Queue | Cavalry Archer |
| 23:27 | Queue | Villager (Male) |
| 23:43 | Build | House |
| 23:44 | Build | House |
| 24:00 | Queue | Villager (Male) |
| 24:15 | Queue | Cavalry Archer |
| 24:15 | Queue | Cavalry Archer |
| 24:15 | Queue | Villager (Male) |
| 24:35 | Queue | Villager (Male) |
| 24:38 | Queue | Cavalry Archer |
| 24:38 | Queue | Cavalry Archer |
| 24:43 | Build | House |
| 24:46 | Build | Palisade Gate |
| 24:54 | Queue | Villager (Male) |
| 24:59 | Research | Husbandry |
| 25:01 | Build | House |
| 25:21 | Research | Ballistics |
| 25:22 | Research | Ballistics |
| 25:37 | Queue | Villager (Male) |
| 25:48 | Queue | Villager (Male) |
| 25:51 | Build | Lumber Camp |
| 25:55 | Build | Farm |
| 26:02 | Queue | Villager (Male) |
| 26:08 | Build | Stone Wall |
| 26:09 | Build | Stone Wall |
| 26:13 | Queue | Cavalry Archer |
| 26:13 | Queue | Cavalry Archer |
| 26:14 | Queue | Villager (Male) |
| 26:14 | Queue | Villager (Male) |
| 26:34 | Queue | Cavalry Archer |
| 26:34 | Queue | Cavalry Archer |
| 26:42 | Build | Farm |
| 26:46 | Queue | Cavalry Archer |
| 26:46 | Queue | Cavalry Archer |
| 26:55 | Queue | Villager (Male) |
| 27:09 | Queue | Cavalry Archer |
Build order — bewoms
First 150 of 630 actions detected
| 0:12 | Build | Town Center |
| 0:33 | Build | House |
| 2:38 | Queue | Villager (Male) |
| 2:38 | Queue | Villager (Male) |
| 2:38 | Queue | Villager (Male) |
| 2:39 | Queue | Villager (Male) |
| 2:39 | Queue | Villager (Male) |
| 3:29 | Queue | Villager (Male) |
| 3:29 | Queue | Villager (Male) |
| 4:19 | Queue | Villager (Male) |
| 4:23 | Build | House |
| 4:36 | Queue | Villager (Male) |
| 5:12 | Build | Settlement |
| 5:16 | Queue | Villager (Male) |
| 5:16 | Queue | Villager (Male) |
| 5:19 | Queue | Villager (Male) |
| 6:21 | Queue | Villager (Male) |
| 6:21 | Queue | Villager (Male) |
| 6:22 | Queue | Villager (Male) |
| 7:14 | Queue | Villager (Male) |
| 7:18 | Queue | Villager (Male) |
| 7:22 | Queue | Villager (Male) |
| 7:55 | Queue | Villager (Male) |
| 8:29 | Queue | Villager (Male) |
| 9:11 | Queue | Villager (Male) |
| 9:12 | Queue | Villager (Male) |
| 9:24 | Build | Settlement |
| 9:31 | Build | Barracks |
| 9:43 | Queue | Villager (Male) |
| 10:01 | Research | Loom |
| 10:10 | Research | Feudal Age |
| 10:22 | Queue | Unit 2550 |
| 10:51 | Queue | Unit 2550 |
| 10:55 | Research | Loom |
| 11:16 | Build | Palisade Wall |
| 11:30 | Queue | Unit 2550 |
| 11:31 | Queue | Villager (Male) |
| 11:49 | Queue | Unit 2550 |
| 12:18 | Build | House |
| 12:20 | Age | Feudal Age |
| 12:24 | Research | Tech 1402 |
| 12:32 | Queue | Villager (Male) |
| 12:40 | Build | Settlement |
| 12:46 | Build | Blacksmith |
| 12:56 | Queue | Unit 2550 |
| 13:11 | Queue | Villager (Male) |
| 13:13 | Queue | Villager (Male) |
| 13:14 | Queue | Villager (Male) |
| 13:37 | Queue | Unit 2550 |
| 13:38 | Queue | Villager (Male) |
| 13:56 | Queue | Villager (Male) |
| 14:29 | Queue | Villager (Male) |
| 14:40 | Queue | Villager (Male) |
| 14:54 | Queue | Unit 2550 |
| 14:55 | Queue | Unit 2550 |
| 15:30 | Build | Market |
| 15:52 | Queue | Villager (Male) |
| 16:50 | Build | Market |
| 16:52 | Queue | Unit 2550 |
| 16:55 | Build | Barracks |
| 16:59 | Queue | Unit 2550 |
| 17:15 | Build | Outpost |
| 17:29 | Queue | Villager (Male) |
| 17:32 | Research | Castle Age |
| 17:32 | Research | Castle Age |
| 17:34 | Research | Scale Mail Armor |
| 17:35 | Research | Scale Mail Armor |
| 17:54 | Queue | Unit 2550 |
| 17:55 | Queue | Unit 2550 |
| 18:08 | Queue | Villager (Male) |
| 18:17 | Queue | Villager (Male) |
| 18:30 | Build | House |
| 18:39 | Queue | Unit 2550 |
| 18:40 | Queue | Unit 2550 |
| 19:37 | Queue | Villager (Male) |
| 19:59 | Queue | Villager (Male) |
| 20:12 | Age | Castle Age |
| 20:16 | Research | Tech 1351 |
| 20:16 | Research | Tech 1351 |
| 20:18 | Queue | Villager (Male) |
| 20:24 | Build | Town Center |
| 20:32 | Research | Chain Mail Armor |
| 20:32 | Research | Chain Mail Armor |
| 20:35 | Queue | Unit 2550 |
| 20:35 | Queue | Unit 2550 |
| 20:35 | Queue | Unit 2550 |
| 20:49 | Queue | Unit 2550 |
| 20:49 | Queue | Unit 2550 |
| 21:03 | Queue | Villager (Male) |
| 21:16 | Queue | Villager (Male) |
| 21:17 | Queue | Villager (Male) |
| 21:41 | Queue | Villager (Male) |
| 21:41 | Queue | Villager (Male) |
| 21:47 | Build | Town Center |
| 22:00 | Queue | Villager (Male) |
| 22:48 | Queue | Villager (Male) |
| 22:49 | Queue | Villager (Male) |
| 22:49 | Queue | Villager (Male) |
| 23:03 | Research | Double-Bit Axe |
| 23:03 | Research | Horse Collar |
| 23:04 | Queue | Villager (Male) |
| 23:04 | Queue | Villager (Male) |
| 23:08 | Build | House |
| 23:29 | Queue | Villager (Male) |
| 23:32 | Build | Farm |
| 23:32 | Build | Farm |
| 23:32 | Build | Farm |
| 23:40 | Queue | Villager (Male) |
| 23:40 | Queue | Villager (Male) |
| 23:40 | Queue | Villager (Male) |
| 24:01 | Queue | Villager (Male) |
| 24:20 | Queue | Unit 2550 |
| 24:20 | Queue | Unit 2550 |
| 24:20 | Queue | Unit 2550 |
| 24:21 | Research | Squires |
| 24:27 | Build | Farm |
| 24:27 | Build | Farm |
| 24:28 | Build | Farm |
| 24:28 | Build | Farm |
| 24:28 | Build | Farm |
| 24:47 | Queue | Villager (Male) |
| 24:52 | Queue | Villager (Male) |
| 24:52 | Queue | Villager (Male) |
| 24:55 | Queue | Unit 2550 |
| 24:55 | Queue | Unit 2550 |
| 24:55 | Queue | Unit 2550 |
| 24:56 | Queue | Unit 2550 |
| 25:15 | Queue | Unit 2550 |
| 25:16 | Queue | Unit 2550 |
| 25:16 | Queue | Unit 2550 |
| 25:18 | Queue | Villager (Male) |
| 25:18 | Queue | Villager (Male) |
| 25:18 | Queue | Villager (Male) |
| 25:19 | Queue | Villager (Male) |
| 25:24 | Build | Barracks |
| 25:26 | Queue | Villager (Male) |
| 25:28 | Queue | Unit 2550 |
| 25:29 | Queue | Unit 2550 |
| 25:45 | Queue | Unit 2550 |
| 25:45 | Queue | Unit 2550 |
| 25:46 | Queue | Villager (Male) |
| 25:46 | Queue | Villager (Male) |
| 26:18 | Queue | Villager (Male) |
| 26:19 | Queue | Villager (Male) |
| 26:19 | Queue | Villager (Male) |
| 26:19 | Queue | Villager (Male) |
| 26:21 | Build | Farm |
| 26:21 | Build | Farm |
| 26:21 | Build | Farm |
| 26:22 | Build | Farm |
Build order — Ux'Tycho0201
First 150 of 536 actions detected
| 0:07 | Build | Town Center |
| 2:29 | Queue | Villager (Male) |
| 2:30 | Queue | Villager (Male) |
| 2:30 | Queue | Villager (Male) |
| 2:30 | Queue | Villager (Male) |
| 2:30 | Queue | Villager (Male) |
| 2:37 | Build | House |
| 4:02 | Queue | Villager (Male) |
| 4:02 | Queue | Villager (Male) |
| 4:24 | Queue | Villager (Male) |
| 4:39 | Research | Loom |
| 4:40 | Research | Loom |
| 4:40 | Queue | Villager (Male) |
| 4:40 | Queue | Villager (Male) |
| 4:45 | Build | House |
| 4:48 | Queue | Villager (Male) |
| 5:32 | Queue | Villager (Male) |
| 5:32 | Queue | Villager (Male) |
| 5:39 | Build | Lumber Camp |
| 6:06 | Queue | Villager (Male) |
| 6:38 | Build | House |
| 6:40 | Queue | Villager (Male) |
| 7:09 | Queue | Villager (Male) |
| 7:10 | Queue | Villager (Male) |
| 7:36 | Queue | Villager (Male) |
| 8:05 | Queue | Villager (Male) |
| 8:47 | Queue | Villager (Male) |
| 9:11 | Queue | Villager (Male) |
| 10:11 | Build | Mill |
| 10:23 | Build | House |
| 10:33 | Research | Feudal Age |
| 10:33 | Research | Feudal Age |
| 11:00 | Queue | Villager (Male) |
| 11:00 | Queue | Villager (Male) |
| 11:38 | Build | Barracks |
| 12:17 | Queue | Villager (Male) |
| 12:18 | Queue | Villager (Male) |
| 12:43 | Age | Feudal Age |
| 12:57 | Build | Archery Range |
| 13:15 | Build | House |
| 13:30 | Build | Mining Camp |
| 13:40 | Queue | Archer |
| 13:40 | Queue | Archer |
| 13:40 | Queue | Archer |
| 13:51 | Research | Double-Bit Axe |
| 13:52 | Research | Double-Bit Axe |
| 14:03 | Queue | Villager (Male) |
| 14:14 | Build | Blacksmith |
| 14:22 | Queue | Villager (Male) |
| 14:36 | Queue | Archer |
| 14:37 | Queue | Archer |
| 14:52 | Queue | Villager (Male) |
| 15:00 | Queue | Villager (Male) |
| 15:03 | Build | House |
| 15:04 | Build | House |
| 15:09 | Queue | Archer |
| 15:18 | Queue | Villager (Male) |
| 15:29 | Research | Fletching |
| 15:29 | Research | Fletching |
| 15:29 | Research | Fletching |
| 15:50 | Queue | Villager (Male) |
| 16:02 | Build | House |
| 16:05 | Queue | Archer |
| 16:05 | Queue | Archer |
| 16:13 | Queue | Villager (Male) |
| 16:18 | Build | Market |
| 16:37 | Build | House |
| 16:41 | Queue | Archer |
| 16:41 | Queue | Archer |
| 17:08 | Queue | Archer |
| 17:08 | Queue | Archer |
| 17:09 | Queue | Villager (Male) |
| 17:09 | Queue | Villager (Male) |
| 17:18 | Queue | Villager (Male) |
| 17:24 | Build | House |
| 17:27 | Build | Palisade Wall |
| 17:38 | Queue | Spearman |
| 17:39 | Queue | Spearman |
| 17:53 | Queue | Villager (Male) |
| 17:56 | Build | Farm |
| 17:57 | Build | Farm |
| 17:58 | Build | Farm |
| 18:00 | Research | Horse Collar |
| 18:00 | Research | Horse Collar |
| 18:01 | Research | Horse Collar |
| 18:37 | Queue | Villager (Male) |
| 18:37 | Queue | Villager (Male) |
| 19:23 | Queue | Villager (Male) |
| 19:24 | Queue | Villager (Male) |
| 19:28 | Queue | Archer |
| 19:28 | Queue | Archer |
| 19:28 | Queue | Archer |
| 19:29 | Queue | Villager (Male) |
| 19:29 | Queue | Villager (Male) |
| 19:45 | Build | Farm |
| 19:46 | Build | Farm |
| 19:46 | Build | Farm |
| 19:46 | Build | Farm |
| 19:46 | Build | Farm |
| 19:46 | Build | Farm |
| 19:47 | Build | Farm |
| 19:47 | Build | Farm |
| 19:47 | Build | Farm |
| 19:47 | Build | Farm |
| 19:47 | Build | Farm |
| 20:07 | Queue | Archer |
| 20:08 | Queue | Archer |
| 20:12 | Build | Farm |
| 20:24 | Research | Gold Mining |
| 20:24 | Research | Gold Mining |
| 20:30 | Build | House |
| 20:33 | Build | House |
| 20:35 | Build | House |
| 20:36 | Build | Palisade Wall |
| 20:39 | Build | Palisade Wall |
| 20:42 | Queue | Villager (Male) |
| 21:11 | Queue | Villager (Male) |
| 21:28 | Build | Palisade Gate |
| 21:30 | Build | Palisade Wall |
| 21:31 | Queue | Villager (Male) |
| 21:55 | Queue | Villager (Male) |
| 22:09 | Build | Lumber Camp |
| 22:17 | Build | Farm |
| 22:20 | Build | Farm |
| 22:40 | Research | Castle Age |
| 22:41 | Research | Castle Age |
| 22:49 | Build | Archery Range |
| 23:09 | Build | Farm |
| 23:18 | Queue | Villager (Male) |
| 23:18 | Queue | Villager (Male) |
| 23:25 | Research | Town Watch |
| 23:31 | Queue | Archer |
| 23:31 | Queue | Archer |
| 23:31 | Queue | Archer |
| 23:31 | Queue | Archer |
| 23:55 | Queue | Archer |
| 23:55 | Queue | Archer |
| 23:55 | Queue | Archer |
| 23:56 | Queue | Archer |
| 24:05 | Build | Farm |
| 24:25 | Build | Archery Range |
| 24:38 | Queue | Archer |
| 24:38 | Queue | Archer |
| 24:38 | Queue | Archer |
| 24:39 | Queue | Archer |
| 25:19 | Queue | Archer ×5 |
| 25:19 | Queue | Archer ×5 |
| 25:23 | Age | Castle Age |
| 25:31 | Research | Crossbowman (upgrade) |
| 25:31 | Research | Crossbowman (upgrade) |
Build order — Bummskopp7689
First 150 of 547 actions detected
| 0:15 | Build | House |
| 1:00 | Build | Town Center |
| 2:16 | Build | Palisade Wall |
| 2:19 | Build | Palisade Wall |
| 2:21 | Build | Palisade Wall |
| 2:22 | Build | Palisade Wall |
| 3:22 | Queue | Villager (Male) |
| 3:22 | Queue | Villager (Male) |
| 3:22 | Queue | Villager (Male) |
| 3:23 | Queue | Villager (Male) |
| 3:23 | Queue | Villager (Male) |
| 4:33 | Build | House |
| 4:58 | Queue | Villager (Male) |
| 5:19 | Queue | Villager (Male) |
| 5:36 | Queue | Villager (Male) |
| 5:45 | Queue | Villager (Male) |
| 6:25 | Build | Lumber Camp |
| 6:32 | Queue | Villager (Male) |
| 7:04 | Research | Loom |
| 7:13 | Queue | Villager (Male) |
| 7:19 | Build | House |
| 7:51 | Queue | Villager (Male) |
| 7:52 | Queue | Villager (Male) |
| 8:05 | Queue | Villager (Male) |
| 8:27 | Build | House |
| 8:30 | Build | Palisade Wall |
| 9:11 | Queue | Villager (Male) |
| 9:35 | Queue | Villager (Male) |
| 9:44 | Build | Mill |
| 9:56 | Queue | Villager (Male) |
| 10:20 | Queue | Villager (Male) |
| 10:48 | Queue | Villager (Male) |
| 11:09 | Queue | Villager (Male) |
| 11:14 | Research | Feudal Age |
| 11:53 | Build | Farm |
| 11:56 | Build | Farm |
| 12:25 | Build | Farm |
| 13:43 | Build | Mining Camp |
| 13:55 | Research | Castle Age |
| 14:15 | Research | Double-Bit Axe |
| 14:56 | Research | Stone Mining |
| 14:57 | Research | Stone Mining |
| 15:21 | Build | House |
| 16:01 | Build | Outpost |
| 16:38 | Queue | Villager (Male) |
| 16:47 | Build | Stable |
| 16:56 | Queue | Villager (Male) |
| 17:07 | Build | Castle |
| 17:17 | Queue | Villager (Male) |
| 17:25 | Queue | Knight |
| 17:25 | Queue | Knight |
| 18:02 | Queue | Villager (Male) |
| 18:08 | Queue | Villager (Male) |
| 18:37 | Queue | Villager (Male) |
| 18:46 | Build | House |
| 19:03 | Queue | Villager (Male) |
| 19:37 | Build | Siege Workshop |
| 19:42 | Queue | Villager (Male) |
| 20:01 | Queue | Villager (Male) |
| 20:20 | Build | Farm |
| 20:20 | Build | Farm |
| 20:21 | Build | Farm |
| 20:23 | Queue | Knight |
| 20:24 | Queue | Knight |
| 20:57 | Queue | Villager (Male) |
| 21:02 | Queue | Villager (Male) |
| 21:18 | Queue | Villager (Male) |
| 21:52 | Queue | Battering Ram |
| 21:52 | Queue | Battering Ram |
| 21:53 | Queue | Villager (Male) |
| 22:06 | Queue | Villager (Male) |
| 22:18 | Build | Town Center |
| 22:19 | Queue | Villager (Male) |
| 22:54 | Queue | Knight |
| 23:17 | Queue | Villager (Male) |
| 23:46 | Queue | Battering Ram |
| 23:49 | Queue | Villager (Male) |
| 23:55 | Research | Bloodlines |
| 24:05 | Queue | Villager (Male) |
| 24:06 | Queue | Villager (Male) |
| 24:44 | Queue | Villager (Male) |
| 24:49 | Queue | Battering Ram |
| 25:01 | Build | House |
| 25:25 | Queue | Villager (Male) |
| 25:33 | Queue | Villager (Male) |
| 25:43 | Queue | Villager (Male) |
| 25:44 | Queue | Villager (Male) |
| 25:59 | Queue | Villager (Male) |
| 26:10 | Queue | Battering Ram |
| 26:11 | Queue | Villager (Male) |
| 26:12 | Queue | Villager (Male) |
| 26:20 | Queue | Villager (Male) |
| 26:55 | Queue | Villager (Male) |
| 27:04 | Queue | Villager (Male) |
| 27:25 | Build | Town Center |
| 27:25 | Queue | Villager (Male) |
| 27:26 | Queue | Villager (Male) |
| 27:26 | Queue | Villager (Male) |
| 27:46 | Queue | Villager (Male) |
| 28:16 | Build | Farm |
| 28:16 | Build | Farm |
| 28:17 | Build | Farm |
| 28:17 | Build | Farm |
| 28:17 | Build | Farm |
| 28:20 | Build | Farm |
| 28:21 | Build | Farm |
| 28:30 | Queue | Villager (Male) |
| 28:30 | Queue | Villager (Male) |
| 28:44 | Build | House |
| 28:48 | Build | Farm |
| 28:52 | Build | Farm |
| 28:52 | Queue | Villager (Male) |
| 29:09 | Queue | Battering Ram |
| 29:18 | Build | Farm |
| 29:19 | Build | Farm |
| 29:20 | Queue | Villager (Male) |
| 29:44 | Queue | Villager (Male) |
| 29:47 | Build | Farm |
| 29:48 | Build | Farm |
| 29:52 | Build | Lumber Camp |
| 30:00 | Queue | Villager (Male) |
| 30:11 | Queue | Villager (Male) |
| 30:11 | Queue | Villager (Male) |
| 30:11 | Queue | Villager (Male) |
| 30:18 | Queue | Villager (Male) |
| 30:26 | Build | Market |
| 30:28 | Queue | Villager (Male) |
| 30:40 | Queue | Villager (Male) |
| 30:46 | Build | Lumber Camp |
| 30:50 | Build | Farm |
| 30:50 | Build | Farm |
| 30:50 | Build | Farm |
| 30:52 | Queue | Villager (Male) |
| 30:58 | Queue | Villager (Male) |
| 31:06 | Queue | Villager (Male) |
| 31:35 | Queue | Villager (Male) |
| 31:38 | Build | House |
| 31:40 | Build | House |
| 31:43 | Queue | Villager (Male) |
| 32:06 | Queue | Villager (Male) |
| 32:06 | Queue | Villager (Male) |
| 32:07 | Queue | Villager (Male) |
| 32:07 | Queue | Villager (Male) |
| 32:07 | Queue | Villager (Male) |
| 32:13 | Build | Stable |
| 32:14 | Build | Stable |
| 32:15 | Queue | Villager (Male) |
| 32:21 | Build | Outpost |
| 32:23 | Queue | Villager (Male) |
| 32:26 | Queue | Villager (Male) |
Build order — Quimimoshly06
First 150 of 188 actions detected
| 0:47 | Build | Town Center |
| 2:50 | Build | House |
| 2:51 | Build | House |
| 3:16 | Queue | Villager (Male) |
| 3:16 | Queue | Villager (Male) |
| 3:16 | Queue | Villager (Male) |
| 3:17 | Queue | Villager (Male) |
| 4:40 | Queue | Villager (Male) |
| 4:41 | Queue | Villager (Male) |
| 5:17 | Build | Lumber Camp |
| 5:19 | Queue | Villager (Male) |
| 5:44 | Research | Loom |
| 6:07 | Queue | Villager (Male) |
| 6:17 | Queue | Villager (Male) |
| 6:17 | Queue | Villager (Male) |
| 6:18 | Queue | Villager (Male) |
| 7:10 | Queue | Villager (Male) |
| 7:10 | Queue | Villager (Male) |
| 7:21 | Build | House |
| 7:23 | Build | House |
| 7:45 | Queue | Villager (Male) |
| 7:46 | Queue | Villager (Male) |
| 7:46 | Queue | Villager (Male) |
| 8:25 | Queue | Villager (Male) |
| 8:40 | Build | Mining Camp |
| 9:39 | Queue | Villager (Male) |
| 10:05 | Queue | Villager (Male) |
| 10:28 | Build | Barracks |
| 10:51 | Build | House |
| 10:54 | Build | House |
| 10:57 | Build | House |
| 10:59 | Build | House |
| 11:12 | Research | Feudal Age |
| 11:12 | Research | Feudal Age |
| 11:40 | Build | Palisade Wall |
| 11:47 | Build | Palisade Gate |
| 13:11 | Build | Palisade Wall |
| 13:21 | Build | Palisade Wall |
| 13:30 | Build | Archery Range |
| 14:15 | Research | Town Watch |
| 14:16 | Queue | Archer |
| 14:17 | Queue | Archer |
| 14:23 | Queue | Archer |
| 15:12 | Queue | Archer |
| 15:12 | Queue | Archer |
| 15:40 | Queue | Archer |
| 15:52 | Build | Mill |
| 16:02 | Queue | Archer |
| 16:48 | Build | Farm |
| 16:53 | Build | Farm |
| 16:57 | Build | Farm |
| 17:00 | Build | Farm |
| 17:49 | Queue | Archer |
| 18:21 | Queue | Villager (Male) |
| 18:34 | Queue | Archer |
| 18:47 | Build | Farm |
| 18:49 | Build | Farm |
| 19:23 | Queue | Archer |
| 19:26 | Build | Farm |
| 23:12 | Build | Lumber Camp |
| 26:29 | Build | Town Center |
| 28:35 | Queue | Villager (Male) |
| 28:36 | Queue | Villager (Male) |
| 28:37 | Queue | Villager (Male) |
| 29:26 | Queue | Villager (Male) |
| 29:42 | Queue | Villager (Male) |
| 30:03 | Queue | Villager (Male) |
| 30:46 | Queue | Villager (Male) |
| 30:47 | Queue | Villager (Male) |
| 31:24 | Queue | Villager (Male) |
| 31:25 | Queue | Villager (Male) |
| 31:59 | Queue | Villager (Male) |
| 32:49 | Build | House |
| 32:52 | Build | House |
| 32:55 | Queue | Villager (Male) |
| 33:38 | Build | Lumber Camp |
| 33:47 | Queue | Villager (Male) |
| 33:54 | Build | House |
| 33:56 | Build | House |
| 34:05 | Queue | Villager (Male) |
| 35:02 | Queue | Villager (Male) |
| 35:04 | Queue | Villager (Male) |
| 35:08 | Queue | Villager (Male) |
| 37:05 | Build | Blacksmith |
| 37:18 | Build | Market |
| 37:28 | Build | Mining Camp |
| 38:22 | Research | Castle Age |
| 38:26 | Build | Mining Camp |
| 39:25 | Queue | Villager (Male) |
| 39:26 | Queue | Villager (Male) |
| 41:47 | Build | Castle |
| 43:02 | Queue | Organ Gun |
| 43:02 | Queue | Organ Gun |
| 43:44 | Build | Town Center |
| 43:54 | Queue | Villager (Male) |
| 43:55 | Queue | Organ Gun |
| 44:06 | Queue | Organ Gun |
| 44:21 | Queue | Organ Gun |
| 44:45 | Queue | Organ Gun |
| 44:45 | Queue | Organ Gun |
| 45:22 | Queue | Organ Gun |
| 45:22 | Queue | Organ Gun |
| 45:47 | Queue | Organ Gun |
| 46:09 | Queue | Villager (Male) |
| 46:09 | Queue | Villager (Male) |
| 46:11 | Queue | Villager (Male) |
| 46:11 | Queue | Villager (Male) |
| 47:30 | Queue | Villager (Male) |
| 47:31 | Queue | Villager (Male) |
| 47:32 | Queue | Villager (Male) |
| 47:32 | Queue | Villager (Male) |
| 47:35 | Queue | Villager (Male) |
| 47:35 | Queue | Villager (Male) |
| 48:06 | Queue | Organ Gun |
| 48:06 | Queue | Organ Gun |
| 48:06 | Queue | Organ Gun |
| 48:06 | Queue | Organ Gun |
| 48:57 | Queue | Organ Gun |
| 48:58 | Queue | Organ Gun |
| 49:13 | Queue | Villager (Male) |
| 49:13 | Queue | Villager (Male) |
| 49:15 | Queue | Villager (Male) |
| 49:15 | Queue | Villager (Male) |
| 49:56 | Build | House |
| 49:57 | Build | House |
| 49:58 | Build | House |
| 49:58 | Build | House |
| 49:59 | Build | House |
| 49:59 | Build | House |
| 49:59 | Build | House |
| 50:00 | Build | House |
| 50:00 | Build | House |
| 50:00 | Build | House |
| 50:00 | Build | House |
| 50:01 | Build | House |
| 50:51 | Queue | Villager (Male) |
| 50:52 | Queue | Villager (Male) |
| 50:52 | Queue | Villager (Male) |
| 50:53 | Queue | Villager (Male) |
| 50:53 | Queue | Villager (Male) |
| 50:54 | Queue | Villager (Male) |
| 52:34 | Queue | Villager (Male) |
| 52:35 | Queue | Villager (Male) |
| 52:50 | Queue | Villager (Male) |
| 52:50 | Queue | Villager (Male) |
| 52:52 | Queue | Villager (Male) |
| 52:53 | Queue | Villager (Male) |
| 52:55 | Queue | Villager (Male) |
| 53:27 | Queue | Villager (Male) |
| 53:27 | Queue | Villager (Male) |
Match timeline
| 1:39 | hk | kazumakine · wall_segment Palisade Wall x1 |
| 1:44 | hk | kazumakine · wall_segment Palisade Wall x1 |
| 1:48 | hk | kazumakine · wall_segment Palisade Wall x1 |
| 1:51 | hk | kazumakine · wall_segment Palisade Wall x1 |
| 1:57 | hk | kazumakine · wall_segment Palisade Wall x1 |
| 2:00 | hk | kazumakine · wall_segment Palisade Wall x1 |
| 2:16 | Bummskopp7689 · wall_segment Palisade Wall x1 |
| 2:19 | Bummskopp7689 · wall_segment Palisade Wall x1 |
| 2:21 | Bummskopp7689 · wall_segment Palisade Wall x1 |
| 2:22 | Bummskopp7689 · wall_segment Palisade Wall x1 |
| 2:56 | hk | kazumakine · wall_segment Palisade Wall x1 |
| 7:07 | hk | kazumakine · first_building Barracks |
| 8:29 | CTM | Crawly94 · wall_segment Palisade Wall x5 |
| 8:30 | Bummskopp7689 · wall_segment Palisade Wall x6 |
| 9:15 | audi_225 · wall_segment Palisade Wall x9 |
| 9:21 | Ux'DonChauron · first_building Barracks |
| 9:31 | bewoms · first_building Barracks |
| 9:47 | CTM | Crawly94 · wall_segment Palisade Wall x7 |
| 10:28 | Quimimoshly06 · first_building Barracks |
| 10:45 | audi_225 · wall_segment Palisade Wall x1 |
| 10:45 | Ux'DonChauron · age_up feudal |
| 10:46 | Ux'DonChauron · first_building Stable |
| 10:57 | CTM | Crawly94 · wall_segment Palisade Wall x17 |
| 11:16 | bewoms · wall_segment Palisade Wall x5 |
| 11:25 | hk | kazumakine · wall_segment Palisade Wall x5 |
| 11:26 | audi_225 · wall_segment Palisade Wall x1 |
| 11:38 | Ux'Tycho0201 · first_building Barracks |
| 11:40 | Quimimoshly06 · wall_segment Palisade Wall x1 |
| 12:20 | bewoms · age_up feudal |
| 12:43 | Ux'Tycho0201 · age_up feudal |
| 12:57 | Ux'Tycho0201 · first_building Archery Range |
| 13:11 | Quimimoshly06 · wall_segment Palisade Wall x1 |
| 13:17 | audi_225 · wall_segment Palisade Wall x1 |
| 13:21 | Quimimoshly06 · wall_segment Palisade Wall x1 |
| 13:21 | audi_225 · wall_segment Palisade Wall x1 |
| 13:23 | hk | kazumakine · age_up feudal |
| 13:23 | audi_225 · wall_segment Palisade Wall x1 |
| 13:24 | audi_225 · wall_segment Palisade Wall x1 |
| 13:26 | audi_225 · wall_segment Palisade Wall x1 |
| 13:28 | hk | kazumakine · wall_segment Palisade Wall x1 |
| 13:30 | hk | kazumakine · wall_segment Palisade Wall x1 |
| 13:30 | Quimimoshly06 · first_building Archery Range |
| 13:30 | audi_225 · wall_segment Palisade Wall x1 |
| 13:35 | audi_225 · age_up feudal |
| 13:36 | hk | kazumakine · wall_segment Palisade Wall x5 |
| 13:58 | audi_225 · wall_segment Palisade Wall x1 |
| 14:00 | hk | kazumakine · first_building Archery Range |
| 14:12 | audi_225 · wall_segment Palisade Wall x1 |
| 14:40 | hk | kazumakine · wall_segment Palisade Wall x1 |
| 14:41 | hk | kazumakine · wall_segment Palisade Wall x1 |
| 14:48 | hk | kazumakine · wall_segment Palisade Wall x1 |
| 15:37 | audi_225 · first_market_buy 100 wood |
| 16:11 | CTM | Crawly94 · age_up feudal |
| 16:47 | Bummskopp7689 · first_building Stable |
| 16:51 | Ux'DonChauron · wall_segment Palisade Wall x1 |
| 16:52 | Ux'DonChauron · wall_segment Palisade Wall x1 |
| 17:07 | Bummskopp7689 · first_building Castle |
| 17:27 | Ux'Tycho0201 · wall_segment Palisade Wall x4 |
| 17:38 | Ux'DonChauron · wall_segment Palisade Wall x18 |
| 18:08 | CTM | Crawly94 · first_building Barracks |
| 18:22 | hk | kazumakine · wall_segment Palisade Wall x1 |
| 18:35 | Ux'DonChauron · wall_segment Palisade Wall x8 |
| 18:43 | Ux'DonChauron · first_market_buy 100 food |
| 19:01 | audi_225 · age_up castle |
| 19:09 | Ux'DonChauron · first_building Archery Range |
| 19:26 | audi_225 · first_building Castle |
| 19:37 | Bummskopp7689 · first_building Siege Workshop |
| 19:41 | CTM | Crawly94 · age_up castle |
| 19:50 | Ux'Tycho0201 · first_market_buy 100 food |
| 19:56 | CTM | Crawly94 · first_building Castle |
| 20:12 | bewoms · age_up castle |
| 20:36 | Ux'Tycho0201 · wall_segment Palisade Wall x1 |
| 20:39 | Ux'Tycho0201 · wall_segment Palisade Wall x1 |
| 20:55 | Ux'Tycho0201 · tribute_sent a jugador 1 |
| 20:55 | Ux'Tycho0201 · tribute_sent a jugador 2 |
| 20:55 | Ux'Tycho0201 · tribute_sent a jugador 3 |
| 20:55 | Ux'Tycho0201 · tribute_sent a jugador 4 |
| 20:55 | Ux'Tycho0201 · tribute_sent a jugador 5 |
| 20:55 | Ux'Tycho0201 · tribute_sent a jugador 7 |
| 20:55 | Ux'Tycho0201 · tribute_sent a jugador 8 |
| 21:04 | audi_225 · wall_segment Palisade Wall x1 |
| 21:16 | audi_225 · wall_segment Palisade Wall x1 |
| 21:30 | Ux'Tycho0201 · wall_segment Palisade Wall x1 |
| 21:52 | CTM | Crawly94 · first_building Monastery |
| 21:52 | Ux'DonChauron · age_up castle |
| 21:57 | hk | kazumakine · first_market_sell 100 wood |
| 21:58 | hk | kazumakine · first_market_buy 100 food |
| 22:28 | hk | kazumakine · wall_segment Palisade Wall x1 |
| 22:29 | hk | kazumakine · wall_segment Palisade Wall x1 |
| 23:39 | bewoms · first_market_buy 100 food |
| 23:54 | audi_225 · first_market_sell 100 wood |
| 24:46 | hk | kazumakine · age_up castle |
| 25:01 | Ux'Tycho0201 · first_market_sell 100 food |
| 25:20 | CTM | Crawly94 · first_market_buy 100 stone |
| 25:23 | Ux'Tycho0201 · age_up castle |
| 25:33 | hk | kazumakine · first_building Castle |
| 25:46 | CTM | Crawly94 · wall_segment Stone Wall x9 |
| 26:08 | Ux'DonChauron · wall_segment Stone Wall x1 |
| 26:09 | Ux'DonChauron · wall_segment Stone Wall x1 |
| 26:28 | Ux'Tycho0201 · first_building Siege Workshop |
| 26:43 | CTM | Crawly94 · first_market_sell 100 wood |
| 26:51 | CTM | Crawly94 · first_building Stable |
| 28:31 | CTM | Crawly94 · wall_segment Stone Wall x12 |
| 29:44 | Ux'DonChauron · first_market_sell 100 wood |
| 31:59 | audi_225 · first_building Siege Workshop |
| 33:54 | Ux'DonChauron · first_building Castle |
| 34:07 | bewoms · first_building Siege Workshop |
| 35:33 | Bummskopp7689 · first_market_buy 100 food |
| 35:59 | bewoms · first_market_sell 100 stone |
| 36:12 | Ux'Tycho0201 · first_building Castle |
| 36:25 | Ux'Tycho0201 · wall_segment Palisade Wall x1 |
| 36:55 | Ux'Tycho0201 · wall_segment Palisade Wall x1 |
| 37:03 | Ux'Tycho0201 · wall_segment Stone Wall x7 |
| 37:24 | CTM | Crawly94 · wall_segment Stone Wall x27 |
| 37:37 | hk | kazumakine · first_building Monastery |
| 38:05 | bewoms · first_building Castle |
| 38:36 | Ux'Tycho0201 · wall_segment Palisade Wall x1 |
| 38:37 | Ux'Tycho0201 · wall_segment Palisade Wall x1 |
| 38:40 | Ux'Tycho0201 · wall_segment Palisade Wall x1 |
| 39:07 | Bummskopp7689 · first_market_sell 100 wood |
| 39:38 | hk | kazumakine · wall_segment Stone Wall x1 |
| 41:39 | bewoms · age_up imperial |
| 41:47 | Quimimoshly06 · first_building Castle |
| 45:44 | hk | kazumakine · first_building Siege Workshop |
| 45:47 | bewoms · first_building Archery Range |
| 46:21 | Ux'DonChauron · age_up imperial |
| 47:53 | hk | kazumakine · age_up imperial |
| 49:33 | audi_225 · first_building Barracks |
| 50:16 | audi_225 · first_building Stable |
| 50:24 | CTM | Crawly94 · age_up imperial |
| 52:31 | audi_225 · age_up imperial |
| 52:47 | Ux'DonChauron · first_building Monastery |
| 54:45 | hk | kazumakine · first_building Stable |
| 57:16 | Quimimoshly06 · first_building Monastery |
| 57:49 | Bummskopp7689 · resign |
[ AI ANALYSIS · 1 CREDIT ]
What really happened in this match?
Wolo.gg analyzes every decision: build order, eco, micro, common mistakes by bracket. Personalized analysis on WhatsApp or Discord in 30 seconds.
Civ guide
Wei
Perfil
Jugador #19378835